 Dungeon Crawl Stone Soup version 0.14-a0-3295-g3fd807f (webtiles) character file.

457 Froboctopus the Grave Robber (level 5, -1/35 HPs)
             Began as a Mummy Necromancer on Mar 14, 2014.
             Slain by an orc wizard
             ... wielding a cursed -1,-1 dagger
              (2 damage)
             ... on Level 3 of the Dungeon.
             The game lasted 00:07:16 (3031 turns).

Froboctopus the Grave Robber (Mummy Necromancer)    Turns: 3031, Time: 00:07:16

HP  -1/35        AC  5     Str 11      XL: 5   Next: 90%
MP   6/13        EV 12     Int 15      God:
Gold 204         SH  0     Dex 12      Spells:  3 memorised,  3 levels left

rFire  x . .     SeeInvis .     e - +1,+0 whip (elec)
rCold  + . .     Clarity  +     m - +2 robe
rNeg   + + +     Conserve .     (no shield)
rPois  +         rCorr    .     (no helmet)
rElec  .         rRot     +     (no cloak)
SustAb . .       Spirit   .     f - +0 pair of gloves
rMut   .         Warding  .     (no boots)
Saprov . . .     Stasis   .     j - amulet of clarity {unknown}
MR     .....                    (no ring)
                                (no ring)

@: not resistant to hostile enchantments, unstealthy
A: no food or potions, fire vulnerability, restore body, cold resistance 1, life
protection 3, poison resistance, torment resistance, unbreathing
a: no special abilities


You were on level 3 of the Dungeon.
You were not hungry.

You visited 1 branch of the dungeon, and saw 3 of its levels.

You collected 204 gold pieces.

Inventory:

Hand weapons
 e - a +1,+0 whip of electrocution (weapon)
Armour
 f - a +0 pair of gloves (worn)
 m - a +2 robe (worn)
Magical devices
 h - a wand of polymorph (8)
Scrolls
 c - a scroll of fog {unknown}
 d - a scroll of immolation {unknown}
 g - 2 scrolls of enchant armour {unknown}
 i - 3 scrolls of teleportation {unknown}
 l - a scroll of noise {unknown}
Jewellery
 j - an amulet of clarity (around neck) {unknown}
Books
 b - a book of Necromancy

   Spells                             Type                      Level
   *Pain                              Necromancy                   1
   Animate Skeleton                   Necromancy                   1
   Lethal Infusion                    Charms/Necromancy            2
   Vampiric Draining                  Necromancy                   3
   Regeneration                       Charms/Necromancy            3
   *Animate Dead                      Necromancy                   4
   *Control Undead                    Necromancy                   4


   Skills:
 - Level 1.5 Dodging
 - Level 1.5 Stealth
 + Level 4.1 Spellcasting
 + Level 5.9 Necromancy


You had 3 spell levels left.
You knew the following spells:

 Your Spells              Type           Power        Failure   Level  Hunger
a - Pain                  Necr           ###.         1%          1    N/A
b - Control Undead        Necr           ###.......   17%         4    N/A
c - Animate Dead          Necr           N/A          17%         4    N/A

Dungeon Overview and Level Annotations

Branches:
Dungeon (3/15)

Altars:
Cheibriados
Elyvilon

Annotations:
D:3 sohrabkorkchi's ghost, average DgAE


Innate Abilities, Weirdness & Mutations

You do not eat or drink.
Your flesh is vulnerable to fire.
Your flesh is cold resistant.
You are immune to negative energy.
Your system is resistant to poisons.
You are immune to unholy pain and torment.
You can survive without breathing.


Message History

The orc wizard points at you and mumbles some strange words.
The puff of flame hits you! The fire burns you terribly!
* * * LOW HITPOINT WARNING * * *
Casting: Pain
Confirm with . or Enter, or press ? or * to list all spells.
Aiming: Pain
Press: ? - help, Shift-Dir - straight line, f - orc wizard
Aim: an orc wizard, wielding a dagger and wearing a robe (moving very quickly)
The orc wizard convulses in agony!
The orc wizard gestures at you while chanting.
The puff of flame hits you! The fire burns you terribly!
Your scroll labeled CLEGIOF MENK catches fire!
* * * LOW HITPOINT WARNING * * *
Casting: Pain
Confirm with . or Enter, or press ? or * to list all spells.
Aiming: Pain
Press: ? - help, Shift-Dir - straight line, f/p - orc wizard
Aim: an orc wizard, wielding a dagger and wearing a robe (heavily wounded, moving very quickly)
The orc wizard convulses in agony!
The orc wizard hits you with a dagger.
You die...

#)# #.... #.# #.###
#############[# #.#
#..........##)# #z#
#..........##.# #.#
#..........##.############.###
#...........[.................
#............................)
#.....<....##@###########.....
#############o# #....> #.#
#..... #o# ####.# #o# #.# #.#
#.# #..[)..# #.# #!.)...#
####.# #.>....# ####.....


You could see an orc wizard and 2 orcs.

Vanquished Creatures
  4 orc wizards (D:3)
  7 adders
  2 worms
  5 giant geckos
  6 orcs (D:3)
  3 giant cockroaches
  6 goblins
  8 hobgoblins
  4 jackals (D:3)
  A quokka (D:2)
  A ball python (D:3)
  11 bats
  3 giant newts (D:1)
  8 kobolds
  15 rats
84 creatures vanquished.

Vanquished Creatures (others)
  A worm zombie (D:3)
  An adder zombie (D:3)
  A giant cockroach zombie (D:3)
  A giant gecko zombie (D:3)
  3 hobgoblin zombies (D:3)
  A jackal zombie (D:3)
  6 orc zombies (D:3)
  3 rat zombies (D:3)
17 creatures vanquished.

Grand Total: 101 creatures vanquished

Notes
Turn   | Place    | Note
--------------------------------------------------------------
     0 | D:1      | Froboctopus, the Mummy Necromancer, began the quest for the Orb.
     0 | D:1      | Reached XP level 1. HP: 13/13 MP: 3/3
   156 | D:1      | Reached XP level 2. HP: 19/19 MP: 0/5
   920 | D:1      | Reached XP level 3. HP: 24/24 MP: 4/6
  1011 | D:2      | Found a white marble altar of Elyvilon.
  1378 | D:2      | Reached XP level 4. HP: 30/30 MP: 6/9
  1386 | D:2      | Learned a level 4 spell: Control Undead
  1391 | D:2      | Learned a level 4 spell: Animate Dead
  1473 | D:2      | Reached skill level 5 in Necromancy
  2049 | D:3      | Found a snail-covered altar of Cheibriados.
  2166 | D:3      | Reached XP level 5. HP: 35/35 MP: 5/11
  2549 | D:3      | Noticed sohrabkorkchi's ghost (average DgAE)
  2563 | D:3      | HP: 1/35 [sohrabkorkchi's ghost/zap (2)]
  3030 | D:3      | HP: 1/35 [orc wizard/puff of flame (9)]
  3031 | D:3      | Slain by an orc wizard

Action                   |  1- 3 |  4- 6 || total
-------------------------+-------+-------++-------
Melee: Unarmed           |    10 |       ||    10
       Whip              |    21 |    55 ||    76
       Dagger            |    13 |       ||    13
 Cast: Pain              |    74 |    59 ||   133
       Animate Dead      |       |    12 ||    12
Evoke: Wand              |     1 |       ||     1
  Use: Scroll            |       |     1 ||     1
